[ AOE2 MATCH · #507072872 ]
UnrankedBritons vs Vietnamese
Player's team · WIN
[ REPLAY ANALYSIS · EXTRACTED FROM THE RECORDED GAME ]
Feudal
11:28
Castle
17:07
Imperial
34:04
| APM avg | 93.0 |
| APM peak | 132 |
| eAPM avg | 47.1 |
| Villagers / military | 141 / 158 |
Focus
⚔️ 48.0% · 🌾 52.0%
Skirmisher ×89 · Militia ×37 · Archer ×11 · Knight ×8 · Monk ×7 · Trebuchet (Packed) ×5
Feudal
8:53
Castle
20:17
Imperial
37:32
| APM avg | 71.1 |
| APM peak | 107 |
| eAPM avg | 37.5 |
| Villagers / military | 245 / 124 |
Focus
⚔️ 39.9% · 🌾 60.1%
Skirmisher ×81 · Cavalry Archer ×15 · Knight ×7 · Mangonel ×5 · Spearman ×5 · Rattan Archer ×4
Match map
Initial resources + every placement click. Lines = walls · curves = elevation contours. ◆ gold · ⬟ stone · ● berries · ✦ relic · ◌ wall gap
Your base· Open — 4t gap
Oni.Lewis's base· ✓ Closed at 20:17 · 26t walls · 1 gate(s)
Smoothed initial terrain · ◌ = detected wall gap · hover for details
Inputs per minute
— VIT Liereyy - - Oni.Lewis
Build order — VIT Liereyy
First 150 of 536 actions detected
| 0:00 | Queue | Villager (Male) |
| 0:00 | Queue | Villager (Male) |
| 0:01 | Build | House |
| 0:02 | Build | House |
| 0:10 | Queue | Villager (Male) |
| 0:10 | Queue | Villager (Male) |
| 1:16 | Queue | Villager (Male) |
| 1:49 | Queue | Villager (Male) |
| 1:49 | Queue | Villager (Male) |
| 1:52 | Build | Lumber Camp |
| 2:01 | Queue | Villager (Male) |
| 2:27 | Queue | Villager (Male) |
| 2:40 | Queue | Villager (Male) |
| 3:05 | Queue | Villager (Male) |
| 3:23 | Build | House |
| 3:33 | Queue | Villager (Male) |
| 3:33 | Queue | Villager (Male) |
| 4:09 | Queue | Villager (Male) |
| 4:20 | Build | Barracks |
| 4:39 | Queue | Villager (Male) |
| 4:47 | Build | House |
| 5:10 | Queue | Villager (Male) |
| 5:15 | Queue | Militia |
| 5:17 | Queue | Militia |
| 5:45 | Build | Mill |
| 5:46 | Queue | Villager (Male) |
| 5:47 | Queue | Militia |
| 6:08 | Queue | Villager (Male) |
| 6:34 | Build | House |
| 6:36 | Queue | Villager (Male) |
| 6:45 | Build | Farm |
| 6:55 | Queue | Villager (Male) |
| 7:05 | Research | Loom |
| 7:13 | Build | House |
| 7:14 | Build | Palisade Wall |
| 7:31 | Queue | Villager (Male) |
| 7:55 | Build | Farm |
| 7:57 | Queue | Villager (Male) |
| 8:25 | Build | Farm |
| 8:32 | Queue | Villager (Male) |
| 9:02 | Queue | Villager (Male) |
| 9:07 | Build | Farm |
| 9:18 | Research | Feudal Age |
| 9:19 | Queue | Villager (Male) |
| 9:19 | Queue | Villager (Male) |
| 9:33 | Build | Palisade Wall |
| 10:16 | Build | Palisade Wall |
| 10:19 | Build | Mining Camp |
| 11:28 | Age | Feudal Age |
| 11:31 | Research | Double-Bit Axe |
| 11:35 | Build | Archery Range |
| 11:41 | Build | Blacksmith |
| 11:55 | Queue | Villager (Male) |
| 12:00 | Build | Farm |
| 12:14 | Queue | Skirmisher |
| 12:15 | Queue | Skirmisher |
| 12:16 | Queue | Villager (Male) |
| 12:33 | Build | Farm |
| 12:38 | Queue | Villager (Male) |
| 12:43 | Build | Palisade Wall |
| 12:56 | Build | House |
| 12:56 | Build | Palisade Wall |
| 12:57 | Build | Palisade Wall |
| 13:22 | Queue | Villager (Male) |
| 13:28 | Build | Farm |
| 13:43 | Build | Farm |
| 13:47 | Build | Farm |
| 13:48 | Queue | Villager (Male) |
| 13:54 | Build | Palisade Wall |
| 13:57 | Build | Palisade Wall |
| 13:57 | Build | Palisade Wall |
| 14:07 | Build | Farm |
| 14:27 | Research | Castle Age |
| 14:43 | Research | Horse Collar |
| 14:43 | Research | Horse Collar |
| 14:56 | Build | Stable |
| 15:18 | Build | Farm |
| 15:34 | Build | Farm |
| 15:48 | Build | Palisade Wall |
| 15:52 | Queue | Villager (Male) |
| 17:07 | Age | Castle Age |
| 17:08 | Queue | Knight |
| 17:15 | Build | Siege Workshop |
| 17:16 | Research | Bow Saw |
| 17:17 | Queue | Villager (Male) |
| 17:18 | Build | Farm |
| 17:28 | Build | Farm |
| 17:31 | Queue | Knight |
| 17:35 | Queue | Villager (Male) |
| 18:01 | Queue | Knight |
| 18:02 | Queue | Mangonel |
| 18:03 | Build | House |
| 18:16 | Build | House |
| 18:16 | Queue | Villager (Male) |
| 18:24 | Build | Town Center |
| 18:28 | Build | House |
| 18:29 | Queue | Villager (Male) |
| 18:41 | Build | Farm |
| 18:43 | Build | Farm |
| 19:03 | Queue | Villager (Male) |
| 19:03 | Queue | Knight |
| 19:12 | Build | Farm |
| 19:17 | Queue | Villager (Male) |
| 19:24 | Research | Scale Barding Armor |
| 19:28 | Build | Farm |
| 19:39 | Build | House |
| 19:43 | Build | House |
| 19:51 | Queue | Villager (Male) |
| 19:59 | Queue | Skirmisher |
| 19:59 | Queue | Skirmisher |
| 20:07 | Build | Farm |
| 20:08 | Build | Farm |
| 20:15 | Queue | Villager (Male) |
| 20:20 | Build | House |
| 20:32 | Build | House |
| 20:34 | Build | Monastery |
| 20:34 | Queue | Villager (Male) |
| 20:34 | Queue | Villager (Male) |
| 20:46 | Queue | Villager (Male) |
| 20:56 | Queue | Knight |
| 21:05 | Queue | Villager (Male) |
| 21:08 | Build | House |
| 21:20 | Queue | Villager (Male) |
| 21:24 | Queue | Knight |
| 21:25 | Queue | Villager (Male) |
| 21:29 | Build | Town Center |
| 21:34 | Queue | Villager (Male) |
| 21:38 | Build | Farm |
| 21:42 | Build | House |
| 21:48 | Build | Farm |
| 21:49 | Queue | Monk |
| 21:51 | Build | House |
| 21:52 | Build | House |
| 21:53 | Build | Palisade Wall |
| 21:58 | Queue | Villager (Male) |
| 22:01 | Queue | Villager (Male) |
| 22:14 | Queue | Villager (Male) |
| 22:19 | Queue | Skirmisher |
| 22:19 | Queue | Skirmisher |
| 22:20 | Queue | Villager (Male) |
| 22:25 | Queue | Villager (Male) |
| 22:44 | Build | Farm |
| 22:45 | Build | Farm |
| 22:49 | Build | Farm |
| 22:49 | Build | Farm |
| 22:50 | Queue | Villager (Male) |
| 22:50 | Queue | Villager (Male) |
| 22:58 | Build | House |
| 23:00 | Queue | Villager (Male) |
| 23:00 | Queue | Villager (Male) |
Build order — Oni.Lewis
First 150 of 555 actions detected
| 0:00 | Queue | Villager (Male) |
| 0:00 | Queue | Villager (Male) |
| 0:01 | Build | House |
| 0:02 | Build | House |
| 0:08 | Queue | Villager (Male) |
| 0:12 | Queue | Villager (Male) |
| 1:23 | Queue | Villager (Male) |
| 1:56 | Queue | Villager (Male) |
| 2:18 | Queue | Villager (Male) |
| 2:27 | Queue | Villager (Male) |
| 2:32 | Build | Lumber Camp |
| 2:49 | Queue | Villager (Male) |
| 3:02 | Queue | Villager (Male) |
| 3:29 | Queue | Villager (Male) |
| 3:46 | Build | House |
| 3:55 | Queue | Villager (Male) |
| 4:10 | Build | Mill |
| 4:22 | Queue | Villager (Male) |
| 4:36 | Queue | Villager (Male) |
| 5:11 | Queue | Villager (Male) |
| 5:22 | Queue | Villager (Male) |
| 5:43 | Queue | Villager (Male) |
| 5:47 | Research | Loom |
| 6:43 | Research | Feudal Age |
| 6:51 | Build | House |
| 6:52 | Build | Palisade Wall |
| 7:31 | Build | Barracks |
| 7:31 | Queue | Villager (Male) |
| 7:37 | Build | House |
| 7:38 | Build | Palisade Wall |
| 7:38 | Build | Palisade Wall |
| 7:45 | Queue | Villager (Male) |
| 7:53 | Queue | Villager (Male) |
| 7:55 | Build | Palisade Wall |
| 7:57 | Build | Palisade Wall |
| 7:58 | Build | Palisade Wall |
| 7:59 | Build | Palisade Wall |
| 8:25 | Queue | Villager (Male) |
| 8:40 | Build | Palisade Wall |
| 8:53 | Age | Feudal Age |
| 8:56 | Build | Archery Range |
| 9:01 | Research | Double-Bit Axe |
| 9:02 | Queue | Villager (Male) |
| 9:09 | Queue | Spearman |
| 9:19 | Queue | Villager (Male) |
| 9:25 | Build | Mill |
| 9:34 | Queue | Villager (Male) |
| 9:41 | Queue | Archer |
| 9:44 | Queue | Villager (Male) |
| 9:54 | Build | House |
| 9:59 | Build | House |
| 9:59 | Build | House |
| 10:02 | Queue | Villager (Male) |
| 10:07 | Research | Horse Collar |
| 10:13 | Build | Farm |
| 10:28 | Queue | Skirmisher |
| 10:34 | Queue | Villager (Male) |
| 10:36 | Build | Farm |
| 10:37 | Build | Farm |
| 10:46 | Build | Palisade Wall |
| 10:47 | Build | Palisade Wall |
| 10:54 | Queue | Villager (Male) |
| 10:56 | Build | Farm |
| 11:13 | Build | Farm |
| 11:21 | Queue | Skirmisher |
| 11:26 | Queue | Villager (Male) |
| 11:29 | Build | Farm |
| 11:36 | Queue | Skirmisher |
| 11:47 | Build | Palisade Wall |
| 11:49 | Queue | Villager (Male) |
| 11:54 | Queue | Skirmisher |
| 12:01 | Queue | Villager (Male) |
| 12:07 | Build | Farm |
| 12:23 | Queue | Skirmisher |
| 12:31 | Queue | Villager (Male) |
| 12:32 | Queue | Villager (Male) |
| 12:33 | Build | Farm |
| 12:47 | Build | Farm |
| 12:56 | Queue | Villager (Male) |
| 13:06 | Queue | Villager (Male) |
| 13:12 | Build | Palisade Gate |
| 13:13 | Build | Farm |
| 13:15 | Build | Farm |
| 13:22 | Queue | Villager (Male) |
| 13:34 | Queue | Villager (Male) |
| 13:40 | Queue | Villager (Male) |
| 13:45 | Build | Mining Camp |
| 13:48 | Queue | Villager (Male) |
| 13:53 | Queue | Villager (Male) |
| 13:56 | Build | Farm |
| 14:07 | Queue | Villager (Male) |
| 14:18 | Queue | Villager (Male) |
| 14:28 | Build | Blacksmith |
| 14:37 | Queue | Villager (Male) |
| 14:39 | Research | Wheelbarrow |
| 14:46 | Queue | Skirmisher |
| 14:47 | Queue | Villager (Male) |
| 14:51 | Queue | Villager (Male) |
| 14:58 | Build | Farm |
| 15:03 | Queue | Villager (Male) |
| 15:20 | Queue | Villager (Male) |
| 15:21 | Build | House |
| 15:22 | Build | House |
| 15:23 | Build | House |
| 15:28 | Queue | Villager (Male) |
| 15:28 | Research | Fletching |
| 15:30 | Queue | Villager (Male) |
| 15:35 | Queue | Skirmisher |
| 15:38 | Queue | Villager (Male) |
| 16:04 | Build | Lumber Camp |
| 16:10 | Queue | Villager (Male) |
| 16:16 | Queue | Skirmisher |
| 16:21 | Queue | Villager (Male) |
| 16:26 | Queue | Villager (Male) |
| 16:31 | Queue | Villager (Male) |
| 16:46 | Build | Farm |
| 16:54 | Queue | Skirmisher |
| 16:55 | Queue | Villager (Male) |
| 17:03 | Queue | Villager (Male) |
| 17:10 | Queue | Skirmisher |
| 17:23 | Build | House |
| 17:25 | Build | House |
| 17:28 | Build | Palisade Wall |
| 17:37 | Research | Castle Age |
| 18:05 | Queue | Spearman |
| 18:12 | Queue | Villager (Male) |
| 18:20 | Queue | Spearman |
| 18:23 | Queue | Villager (Male) |
| 18:27 | Build | Stable |
| 18:30 | Queue | Villager (Male) |
| 18:41 | Queue | Villager (Male) |
| 18:54 | Queue | Villager (Male) |
| 19:00 | Queue | Villager (Male) |
| 19:02 | Queue | Spearman |
| 19:21 | Build | Farm |
| 19:26 | Queue | Villager (Male) |
| 19:28 | Queue | Villager (Male) |
| 19:33 | Queue | Villager (Male) |
| 19:51 | Queue | Villager (Male) |
| 20:02 | Build | Watch Tower |
| 20:04 | Queue | Villager (Male) |
| 20:05 | Build | House |
| 20:06 | Build | House |
| 20:08 | Build | House |
| 20:08 | Build | Palisade Wall |
| 20:09 | Queue | Villager (Male) |
| 20:17 | Age | Castle Age |
| 20:19 | Queue | Battle Elephant |
| 20:20 | Queue | Spearman |
| 20:22 | Queue | Villager (Male) |
Match timeline
| 4:20 | VIT Liereyy · first_building Barracks |
| 6:52 | Oni.Lewis · wall_segment Palisade Wall x1 |
| 7:14 | VIT Liereyy · wall_segment Palisade Wall x1 |
| 7:31 | Oni.Lewis · first_building Barracks |
| 7:38 | Oni.Lewis · wall_segment Palisade Wall x1 |
| 7:38 | Oni.Lewis · wall_segment Palisade Wall x1 |
| 7:55 | Oni.Lewis · wall_segment Palisade Wall x2 |
| 7:57 | Oni.Lewis · wall_segment Palisade Wall x1 |
| 7:58 | Oni.Lewis · wall_segment Palisade Wall x1 |
| 7:59 | Oni.Lewis · wall_segment Palisade Wall x1 |
| 8:40 | Oni.Lewis · wall_segment Palisade Wall x1 |
| 8:53 | Oni.Lewis · age_up feudal |
| 8:56 | Oni.Lewis · first_building Archery Range |
| 9:33 | VIT Liereyy · wall_segment Palisade Wall x12 |
| 10:16 | VIT Liereyy · wall_segment Palisade Wall x5 |
| 10:46 | Oni.Lewis · wall_segment Palisade Wall x1 |
| 10:47 | Oni.Lewis · wall_segment Palisade Wall x5 |
| 11:28 | VIT Liereyy · age_up feudal |
| 11:35 | VIT Liereyy · first_building Archery Range |
| 11:47 | Oni.Lewis · wall_segment Palisade Wall x9 |
| 12:43 | VIT Liereyy · wall_segment Palisade Wall x8 |
| 12:56 | VIT Liereyy · wall_segment Palisade Wall x1 |
| 12:57 | VIT Liereyy · wall_segment Palisade Wall x2 |
| 13:54 | VIT Liereyy · wall_segment Palisade Wall x1 |
| 13:57 | VIT Liereyy · wall_segment Palisade Wall x1 |
| 13:57 | VIT Liereyy · wall_segment Palisade Wall x1 |
| 14:56 | VIT Liereyy · first_building Stable |
| 15:48 | VIT Liereyy · wall_segment Palisade Wall x1 |
| 17:07 | VIT Liereyy · age_up castle |
| 17:15 | VIT Liereyy · first_building Siege Workshop |
| 17:28 | Oni.Lewis · wall_segment Palisade Wall x1 |
| 18:27 | Oni.Lewis · first_building Stable |
| 20:08 | Oni.Lewis · wall_segment Palisade Wall x1 |
| 20:17 | Oni.Lewis · age_up castle |
| 20:34 | VIT Liereyy · first_building Monastery |
| 21:53 | VIT Liereyy · wall_segment Palisade Wall x3 |
| 23:05 | Oni.Lewis · first_building Monastery |
| 23:09 | Oni.Lewis · first_market_sell 100 food |
| 23:12 | Oni.Lewis · first_market_buy 100 stone |
| 26:14 | Oni.Lewis · first_building Siege Workshop |
| 26:30 | Oni.Lewis · wall_segment Palisade Wall x1 |
| 26:31 | Oni.Lewis · wall_segment Palisade Wall x1 |
| 26:32 | Oni.Lewis · wall_segment Palisade Wall x1 |
| 33:27 | VIT Liereyy · first_building Castle |
| 34:04 | VIT Liereyy · age_up imperial |
| 37:04 | Oni.Lewis · first_building Castle |
| 37:32 | Oni.Lewis · age_up imperial |
| 39:13 | VIT Liereyy · first_market_sell 100 food |
| 41:17 | Oni.Lewis · resign |
[ AI ANALYSIS · 1 CREDIT ]
What really happened in this match?
Wolo.gg analyzes every decision: build order, eco, micro, common mistakes by bracket. Personalized analysis on WhatsApp or Discord in 30 seconds.
Civ guide
Britons
Perfil
Liereyy